Map: 2000 Atmospheres LE

Players

Erik - Winner!

  • Race: Zerg Zerg
  • League: Master

Kelazhur

  • Race: Terran Terran

Event: DreamHack SC2 Masters 2021 Summer

VOD

Have the link to the VOD?

Description

Time

  • Played on: May 30, 2021, 5:20 p.m.
  • Length: 10:57

All games in this series

Show
View Real Time Build Order
Export as new Build Order

Erik Zerg - Winner!

Build Orders: Hatch First, Muta Ling Bane 

Get SALT Encoding   

  12  0:00  Drone  
  13  0:12  Overlord  
  13  0:17  Drone  
  14  0:30  Drone  
  14  0:31  Drone  
  16  0:47  Hatchery  
  15  0:50  Drone  
  15  0:54  Drone  
  18  0:57  Drone  
  18  1:07  Extractor, Drone  
  18  1:16  Spawning Pool  
  17  1:18  Drone  
  18  1:29  Drone  
  19  1:43  Hatchery  
  18  1:49  Drone  
  18  1:51  Drone  
  20  2:04  Queen  
  20  2:05  Zergling x4  
  24  2:11  Zergling x2  
  24  2:13  Drone  
  26  2:21  Drone  
  26  2:22  Drone  
  28  2:32  Roach Warren  
  28  2:34  Metabolic Boost  
  28  2:36  Drone  
  27  2:44  Overlord  
  27  2:47  Overlord  
  27  3:00  Queen  
  27  3:04  Drone  
  30  3:06  Drone  
  30  3:12  Roach x2  
  35  3:17  Roach  
  35  3:19  Zergling x2  
  39  3:20  Zergling x4  
  40  3:31  Roach  
  40  3:33  Drone x2  
  40  3:34  Drone  
  45  3:36  Drone  
  45  3:37  Drone  
  47  3:44  Queen  
  49  3:53  Overlord  
  49  3:54  Overlord  
  49  3:58  Extractor  
  49  3:59  Ravager  
  50  4:08  Overlord  
  50  4:13  Ravager, Drone x5  
  50  4:15  Queen  
  58  4:21  Drone  
  59  4:24  Drone  
  59  4:27  Drone  
  59  4:28  Queen  
  59  4:30  Drone x2  
  65  4:31  Extractor x2  
  65  4:32  Extractor  
  65  4:36  Drone  
  62  4:49  Overlord  
  62  4:51  Lair  
  62  4:53  Drone x3  
  65  5:00  Drone x4  
  69  5:09  Spore Crawler  
  69  5:11  Spore Crawler  
  67  5:19  Drone  
  65  5:21  Drone  
  65  5:22  Drone x2  
  68  5:29  Hatchery  
  63  5:44  Drone  
  63  5:45  Drone  
  63  5:47  Baneling Nest  
  59  5:50  Queen x2, Evolution Chamber  
  59  5:51  Evolution Chamber  
  59  5:53  Spire  
  60  6:00  Zergling x12  
  64  6:09  Zergling x2  
  63  6:14  Zergling x6  
  66  6:19  Zerg Melee Weapons Level 1, Zerg Ground Armor Level 1  
  66  6:30  Overlord  
  66  6:31  Extractor  
  66  6:32  Centrifical Hooks  
  65  6:38  Drone  
  65  6:39  Drone x5  
  71  6:48  Drone x3  
  71  6:51  Zergling x2  
  71  6:52  Zergling x4  
  71  6:54  Overlord x3  
  77  6:56  Queen  
  79  7:03  Extractor  
  78  7:11  Mutalisk  
  78  7:12  Mutalisk x4  
  88  7:23  Mutalisk x4  
  88  7:28  Zerg Flyer Weapons Level 1  
  96  7:33  Mutalisk  
  98  7:37  Drone x4  
  98  7:38  Drone  
  98  7:40  Overseer  
  103  7:45  Drone  
  104  7:54  Pneumatized Carapace  
  104  7:58  Baneling  
  104  7:59  Baneling x4  
  104  8:01  Baneling x4  
  104  8:04  Hatchery  
  103  8:05  Mutalisk  
  105  8:13  Zergling x2  
  105  8:14  Overlord  
  105  8:15  Overlord x2  
  105  8:27  Overlord  
  105  8:32  Overlord  
  105  8:33  Baneling x3  
  105  8:42  Zergling x4  
  105  8:43  Zergling x26  
  105  8:46  Baneling x5  
  114  8:55  Mutalisk x3  
  118  9:07  Mutalisk x4  
  126  9:10  Baneling x5  
  126  9:11  Baneling  
  126  9:13  Zergling x2  
  126  9:14  Zergling x2  
  128  9:18  Zergling x6  
  128  9:19  Zergling x2  
  132  9:24  Drone x2  
  128  9:46  Overseer  
  128  9:49  Zergling x18  
  133  9:55  Baneling  
  133  9:56  Baneling x8  
  132  10:00  Zergling x2  
  132  10:06  Zergling x14  
  130  10:19  Zergling x2  
  130  10:20  Zergling x6  
Show
View Real Time Build Order
Export as new Build Order

Kelazhur Terran 

Build Orders: Reaper Expand 

Get SALT Encoding   

  12  0:00  SCV  
  13  0:12  SCV  
  14  0:17  Supply Depot  
  14  0:24  SCV  
  15  0:38  SCV  
  15  0:39  Barracks  
  16  0:43  Refinery  
  16  0:50  SCV  
  17  1:03  SCV  
  18  1:15  SCV  
  19  1:26  Reaper  
  19  1:27  Orbital Command  
  20  1:38  Command Center  
  20  1:48  Supply Depot  
  20  1:52  SCV  
  21  1:58  Marine  
  22  2:03  Factory  
  22  2:08  SCV  
  23  2:20  SCV, Barracks Reactor  
  24  2:32  SCV  
  25  2:44  SCV  
  25  2:45  Command Center  
  25  2:50  Orbital Command  
  26  3:00  SCV, Starport  
  29  3:06  Hellion  
  29  3:10  Hellion  
  31  3:12  Barracks Tech Lab  
  31  3:14  SCV  
  33  3:20  SCV  
  33  3:24  Refinery  
  33  3:28  SCV  
  33  3:32  SCV  
  39  3:34  Hellion x2  
  39  3:41  Bunker, Marine  
  39  3:44  SCV  
  40  3:49  SCV, Banshee  
  42  3:56  SCV  
  42  4:00  Orbital Command  
  42  4:01  Marine  
  42  4:12  SCV  
  43  4:18  Refinery  
  42  4:27  SCV x2  
  42  4:34  Marine x2, Factory Tech Lab  
  44  4:39  SCV  
  44  4:43  Siege Tank  
  48  4:51  Supply Depot  
  48  4:52  Marine x2  
  50  4:53  Viking  
  50  4:57  SCV  
  53  5:02  Supply Depot  
  53  5:09  Marine x2, Barracks  
  55  5:16  Siege Tank  
  58  5:27  Marine x2  
  59  5:41  SCV  
  60  5:45  SCV, Marine x2  
  61  6:01  SCV  
  61  6:03  Marine x2  
  64  6:12  SCV, Starport Reactor  
  64  6:14  SCV, Barracks  
  66  6:24  SCV  
  67  6:27  SCV  
  67  6:30  Engineering Bay  
  67  6:31  Orbital Command, Engineering Bay  
  68  6:35  Refinery  
  68  6:36  SCV, Refinery  
  68  6:39  Marine x2  
  72  6:40  SCV, Marine  
  73  6:48  Stimpack, SCV  
  73  6:52  SCV  
  75  6:57  Factory Tech Lab  
  75  7:01  SCV, Terran Infantry Weapons Level 1  
  76  7:05  Terran Infantry Armor Level 1  
  76  7:06  Starport Reactor  
  76  7:10  Marine x2  
  76  7:12  Marine  
  76  7:14  Supply Depot  
  77  7:17  SCV x3  
  80  7:26  Siege Tank, Supply Depot  
  80  7:28  Marine  
  84  7:33  Orbital Command  
  84  7:34  Marine  
  84  7:36  Marine x3  
  88  7:45  Marine  
  88  7:47  Medivac x2  
  88  7:48  Barracks x2  
  93  7:53  SCV x2  
  95  7:58  Armory  
  95  8:04  Supply Depot  
  95  8:05  Marine x5  
  100  8:13  SCV  
  100  8:14  Supply Depot  
  100  8:17  Orbital Command  
  100  8:18  Supply Depot  
  101  8:20  Supply Depot  
  101  8:23  SCV  
  101  8:24  Missile Turret x2  
  100  8:29  SCV  
  100  8:30  Marine  
  100  8:31  Marine  
  100  8:33  Widow Mine, Medivac x2  
  105  8:37  SCV  
  105  8:41  SCV  
  101  8:44  SCV  
  101  8:45  Marine  
  101  8:46  Marine  
  101  8:47  Marine  
  101  8:48  Marine x2  
  105  8:49  SCV  
  105  8:50  Marine  
  105  8:53  SCV  
  109  8:56  SCV  
  110  9:09  Marine  
  111  9:13  Marine  
  111  9:15  Medivac x2  
  116  9:18  Widow Mine  
  116  9:22  Marine x4, Orbital Command  
  122  9:27  Missile Turret  
  122  9:32  Marine  
  122  9:35  Combat Shield  
  122  9:38  Drilling Claws  
  123  9:39  Widow Mine  
  123  9:41  Marine  
  122  9:48  Marine  
  122  9:50  Marine  
  118  9:56  Marine  
  118  9:57  Marine  
  118  9:58  Marine x2  
  118  9:59  Marine  
  121  10:05  Marine  
  118  10:09  Marine  
  118  10:13  Supply Depot  
  115  10:14  Marine, Supply Depot  
  115  10:16  Supply Depot  
  115  10:20  Marine  
  117  10:22  Marine  
  117  10:28  Widow Mine, Marine  
  117  10:33  Marine x2  
  117  10:34  Supply Depot  
  117  10:35  Marine x2  
Tags
 
Add a new tag
Caveats
  • Supply blocks, unpowered buildings, or Contaminate may cause inaccurate times.
  • Supply counts are checked every 10 seconds.